 Dungeon Crawl Stone Soup version 0.32-a0-599-gba8f9cf90e (webtiles) character file.

Game seed: 3673289508452454547

159 ragingrage the Sneak (level 5, -5/41 HPs)
             Began as a Formicid Delver on Mar 3, 2024.
             Slain by an iguana (11 damage)
             ... on level 4 of the Dungeon.
             The game lasted 00:03:54 (3278 turns).

ragingrage the Sneak (Formicid Delver)              Turns: 3278, Time: 00:03:54

Health: -5/41      AC: 10    Str: 16    XL:     5   Next: 68%
Magic:  14/14      EV:  9    Int: 18    God:
Gold:   207        SH:  0    Dex: 17    Spells: 0/4 levels left

rFire   . . .        a - +0 short sword
rCold   . . .        (no shield)
rNeg    + . .        j - +0 pearl dragon scales
rPois   .            (helmet unavailable)
rElec   .            (no cloak)
rCorr   .            (no gloves)
SInv    +            (no boots)
Will    .....        (no amulet)
Stlth   ++           m - ring of Jedenn {Fly MP+9 Int+2}
HPRegen 0.26/turn    h - +6 ring of intelligence
MPRegen 0.14/turn

%: no passive effects
@: flying, very slightly contaminated
A: permanent stasis, dig shafts and tunnels, antennae 3, four strong arms
a: Dig, Shaft Self


You were on level 4 of the Dungeon.
You visited 1 branch of the dungeon, and saw 5 of its levels.

You collected 207 gold pieces.

Inventory:

Hand Weapons
 a - a +0 short sword (weapon)
Missiles
 q - 11 poisoned darts
Armour
 j - +0 pearl dragon scales (worn)
Jewellery
 h - a +6 ring of intelligence (right hand)
 m - the ring of Jedenn (left hand) {Fly MP+9 Int+2}
   (You found it on level 2 of the Dungeon)

   [ring of flight]

   Int+2:     It affects your intelligence (+2).
   MP+9:      It affects your magic capacity (+9).
   Fly:       It grants you flight.
Wands
 f - a wand of digging (3)
 u - a wand of flame (22)
Scrolls
 c - a scroll of fog
 d - 2 scrolls of revelation
 e - a scroll of fear
 i - a scroll of acquirement {unknown}
 l - a scroll of immolation
 n - a scroll of torment {unknown}
 o - a scroll of enchant weapon {unknown}
Potions
 g - a potion of berserk rage {unknown}
 k - a potion of degeneration {unknown}
 p - a potion of invisibility {unknown}
 r - 3 potions of mutation
 s - a potion of curing {unknown}
 t - 2 potions of attraction


   Skills:
 - Level 3.2 Fighting
 + Level 5.2 Short Blades
 - Level 1.7 Dodging
 - Level 6.0 Stealth
 - Level 1.0 Ice Magic
 + Level 0.0 Alchemy


You couldn't memorise any spells.
You knew the following spells:

 Your Spells              Type           Power      Damage    Failure   Level
a - Frozen Ramparts       Ice            6%         1d1       92%         3
b - Sting                 Conj/Alch      0%         1d3       75%         1

Your spell library contained the following spells:

 Spells                   Type           Power      Damage    Failure   Level
 Freeze                   Ice            12%        1d3       58%         1
 Call Imp                 Summ           0%         N/A       86%         2
 Cigotuvi's Dreadful Rot  Necr/Alch/Air  0%         N/A       86%         2
 Sublimation of Blood     Necr           0%         N/A       86%         2
 Hailstorm                Conj/Ice       1%         3d5       95%         3
 Ignite Poison            Fire/Alch      0%         N/A       100%        4
 Freezing Cloud           Conj/Ice/Air   0%         6-21      100%        5
 Bombard                  Conj/Erth      0%         9d1       100%        6
 Orb of Destruction       Conj           0%         9d5       100%        7
 Summon Hydra             Summ           0%         N/A       100%        7


Dungeon Overview and Level Annotations

Branches:
Dungeon (5/15)
 Temple: D:4-7

Altars:
Elyvilon

Shops:
D:2 =

Annotations:
D:2 Sigmund
D:4 1 exclusion


Innate Abilities, Weirdness & Mutations

You cannot be hasted, slowed, berserked, paralysed or teleported.
You can dig through walls and to a lower floor.
You have a pair of large antennae on your head. (SInv)
Your four strong arms can wield two-handed weapons with a shield.


Message History

You closely miss the iguana.
The iguana bites you but does no damage.
You hit the iguana but do no damage. You closely miss the iguana.
The iguana bites you.
You barely miss the iguana.
The iguana bites you but does no damage.
Casting: Sting (safe; 75% risk of failure)
Aiming: Sting (safe; 75% risk of failure)
Press: ? - help, Shift-Dir - straight line, f/p - iguana
Aim: an iguana (moderately wounded, 69% to hit)
You miscast Sting.
You are very lightly contaminated with residual magic.
Nothing appears to happen.
The iguana bites you!
* * * LOW HITPOINT WARNING * * *
Unknown command.
Casting: Sting (safe; 75% risk of failure)
Aiming: Sting (safe; 75% risk of failure)
Press: ? - help, Shift-Dir - straight line, f/p - iguana
Aim: an iguana (moderately wounded, 69% to hit)
You miscast Sting.
Nothing appears to happen.
The iguana closely misses you.
Unknown command.
Casting: Sting (safe; 75% risk of failure)
Aiming: Sting (safe; 75% risk of failure)
Press: ? - help, Shift-Dir - straight line, f/p - iguana
Aim: an iguana (moderately wounded, 69% to hit)
The sting misses the iguana.
The iguana bites you but does no damage.
Unknown command.
Casting: Sting (safe; 75% risk of failure)
Aiming: Sting (safe; 75% risk of failure)
Press: ? - help, Shift-Dir - straight line, f/p - iguana
Aim: an iguana (moderately wounded, 69% to hit)
You miscast Sting.
Nothing appears to happen.
The iguana bites you.
* * * LOW HITPOINT WARNING * * *
Unknown command.
It was a potion of magic.
Magic courses through your body. The iguana bites you!
You die...

......# .).....
###........... ....[.#
#.......##.............
......##
....>.....#.#########.
......<#
............#.......#.
.......#
...?..###..#.).....#.
.......# l....[#
#..#.......#. ######.#
...... #......_.....
#.# ##.#l#
#..#.......#. #.# # #@#
##.#.......#. #.#
#.#####.#.......#. #..
#.......####^####.
#####.#........ ..
#...........##
#############


You could see an iguana.

Vanquished Creatures
  An iguana (D:4)
  4 adders
  A dart slug (D:4)
  2 ribbon worms
  6 orcs
  6 endoplasms
  4 giant cockroaches
  5 goblins
  5 hobgoblins
  7 jackals (D:1)
  4 kobolds
  5 quokkas
  11 ball pythons
  9 bats
  3 rats
73 creatures vanquished.

Notes
Turn   | Place    | Note
-------+----------+-------------------------------------------
     0 | D:5      | ragingrage the Formicid Delver began the quest for the Orb.
     0 | D:5      | Reached XP level 1. HP: 18/18 MP: 1/1
   146 | D:4      | Reached XP level 2. HP: 19/24 MP: 2/2
   220 | D:4      | Reached XP level 3. HP: 15/29 MP: 3/3
   382 | D:3      | Found a faded altar of an unknown god.
   397 | D:3      | Noticed a phantom
   442 | D:4      | Reached XP level 4. HP: 35/35 MP: 4/4
   851 | D:2      | Identified the ring of Jedenn {Fly MP+9 Int+2}
  1070 | D:2      | Found Wegil's Jewellery Shop.
  1369 | D:1      | Reached XP level 5. HP: 38/41 MP: 5/5
  1728 | D:1      | Reached skill level 5 in Short Blades
  2537 | D:2      | Learned a level 3 spell: Frozen Ramparts
  2658 | D:2      | Noticed Sigmund
  2841 | D:3      | Reached skill level 1 in Ice Magic
  3156 | D:4      | Got the Parchment of Conjuring
  3201 | D:4      | Learned a level 1 spell: Sting
  3218 | D:4      | Found a white marble altar of Elyvilon.
  3278 | D:4      | Slain by an iguana

Illustrated notes

Levels and vault maps discovered:
D:1:      sevenhm_arrival_forest_fort_large_2, layout_basic
D:2:      layout_loops_ring, serial_shops, shop, serial_bayou_pond_d,
          kennysheep_generic_room_14, uniq_sigmund, uniq_crazy_yiuf_cottage
D:3:      layout_basic, basic_ecumenical_altar
D:4:      layout_basic, lemuel_tele_altar, chequers_avenue
D:5:      layout_cave_pools, nicolae_stop_n_shop_1, lemuel_flame_loot_1

Skill      XL: |  1  2  3  4  5 |
---------------+----------------+-----
Short Blades   | 3 4 5 |  5.2
Ice Magic      | 1 |  1.0
Fighting       | |  3.2
Dodging        | |  1.7
Stealth        | |  6.0

Action                     |  1- 3 |  4- 6 || total
---------------------------+-------+-------++-------
  Melee: Short sword       |    57 |   256 ||   313
   Cast: Sting             |       |     1 ||     1
         Frozen Ramparts   |       |     1 ||     1
Ability: Dig               |       |     1 ||     1
    Use: Scroll            |       |     5 ||     5
         Potion            |       |     1 ||     1
   Stab: Sleeping          |     9 |    15 ||    24
         Distracted        |       |     1 ||     1
 Armour: Leather armour    |    26 |   113 ||   139
         Pearl dragon scal |       |    34 ||    34
  Dodge: Dodged            |    42 |   122 ||   164

Table legend: (Time is in decaauts)
 A = Elapsed time spent in this place.
 B = Non-inter-level travel time spent in this place.
 C = Inter-level travel time spent in this place.
 D = Time resting spent in this place.
 E = Time spent auto-exploring this place.
 F = Levels seen in this place.
 G = Mean time per level.
                   A        B        C        D        E       F      G
               +--------+--------+--------+--------+--------+-----+--------+
         Total |   3209 |   3098 |    111 |    351 |   1914 |   5 |  641.8 |
       Dungeon |   3209 |   3098 |    111 |    351 |   1914 |   5 |  641.8 |
               +--------+--------+--------+--------+--------+-----+--------+

Top non-repeatable levels by time:
     D:1: 1248 daAuts
     D:2: 866 daAuts
     D:3: 622 daAuts
     D:4: 466 daAuts
     D:5: 6 daAuts
